 Dungeon Crawl Stone Soup version 0.16-a0-2179-gb75b79b (console) character file.

12028 THEYGOTMYIPSWATINC the Severer (level 11, 0/54 HPs)
             Began as a Vine Stalker Berserker on Nov 14, 2014.
             Was a High Priest of Trog.
             Slain by a sixfirhy (4 damage)
             ... summoned by a deep elf high priest
             ... on level 1 of the Elven Halls.
             The game lasted 00:42:43 (5599 turns).

THEYGOTMYIPSWATINC the Severer (VSBe)               Turns: 5599, Time: 00:42:43

Health: 0/54       AC: 16    Str: 21    XL:     11   Next: 86%
Magic:  0/15       EV:  4    Int:  7    God:    Trog [*****.]
Gold:   950        SH:  3    Dex: 16    Spells: 0 memorised, 10 levels left

rFire  . . .     SeeInvis .     K - +3 war axe
rCold  . . .     Clarity  .     C - +4 plate armour
rNeg   . . .     SustAb   .     y - +0 buckler
rPois  .         Gourm    .     k - +2 hat
rElec  .         Spirit   +     (no cloak)
rCorr  .         Warding  .     (no gloves)
rMut   .         Stasis   .     (no boots)
MR     +....                    (no amulet)
Stlth  ..........               (no ring)
                                (no ring)

@: somewhat resistant to hostile enchantments, extremely unstealthy
A: fangs 3, regeneration 2, magic shield, antimagic bite, no device heal 3, rot
immunity
a: Burn Spellbooks, Berserk, Trog's Hand, Brothers in Arms, Renounce Religion


You were on level 1 of the Elven Halls.
You worshipped Trog.
Trog was extremely pleased with you.
You were not hungry.

You visited 4 branches of the dungeon, and saw 16 of its levels.

You collected 1046 gold pieces.
You spent 96 gold pieces at shops.

Inventory:

Hand weapons
 a - a +0 hand axe
 f - a +0 hand axe
 p - a +0 hand axe
 D - a +0 hand axe of venom
 E - a +0 war axe
 F - a -3 hand axe
 G - the +11 greatsling of Feihegen {speed, rElec, unknown}
   (Trog gifted it to you on level 2 of the Orcish Mines)

   Attacks with this weapon are significantly faster.
   It insulates you from electricity.
 I - a +0 battleaxe
 K - a +3 war axe (weapon)
Missiles
 h - 12 poisoned needles
 J - 6 poisoned javelins (quivered)
Armour
 b - a +0 animal skin
 e - a +0 chain mail
 k - a +2 hat (worn)
 m - a +0 leather armour
 y - a +0 buckler (worn)
 B - a +0 leather armour of magic resistance
 C - a +4 plate armour (worn)
 H - a +0 plate armour of magic resistance
Scrolls
 d - 2 scrolls of recharging
 i - 2 scrolls of fear {unknown}
 j - a scroll of noise {unknown}
 o - 2 scrolls of identify {unknown}
 q - a scroll of random uselessness {unknown}
 r - a scroll of enchant weapon {unknown}
Potions
 g - 2 potions of curing
 l - a potion of haste {unknown}
 n - 2 potions of brilliance {unknown}
 s - a potion of confusion {unknown}
 t - a potion of mutation {unknown}
 v - a potion of cancellation {unknown}
 w - a potion of berserk rage {unknown}
 x - a potion of lignification {unknown}
 z - a potion of cure mutation {unknown}
Books
 L - a book of Necromancy

   Spells                             Type                      Level
   Pain                               Necromancy                   1
   Animate Skeleton                   Necromancy                   1
   Vampiric Draining                  Necromancy                   3
   Regeneration                       Charms/Necromancy            3
   Animate Dead                       Necromancy                   4
   Control Undead                     Necromancy                   4
   Trog disapproves of the use of such an item.
Comestibles
 c - 4 bread rations
 u - 2 fruits


   Skills:
 + Level 4.7 Fighting
 + Level 15.8 Axes
 - Level 1.5 Armour
 - Level 1.5 Dodging


You had 10 spell levels left.
You didn't know any spells.

Dungeon Overview and Level Annotations

Branches:
Dungeon (10/15)            Temple (1/1) D:4             Orc (4/4) D:10
    Elf (1/3) Orc:3
   Lair: D:8-11

Altars:
Ashenzari
Cheibriados
Dithmenos
Elyvilon
Fedhas
Gozag
Kikubaaqudgha
Makhleb
Nemelex Xobeh
Okawaru
Qazlal
Ru
Sif Muna
Trog
Vehumet
Xom
Yredelemnul
Zin
The Shining One
Beogh

Shops:
D:6 *   Orc:2 (   Orc:4 :(*[


Innate Abilities, Weirdness & Mutations

You have razor-sharp teeth.
You heal very quickly.
When hurt, damage is shared between your health and your magic reserves.
Your bite disrupts and absorbs the magic of your enemies.
Potions and wands cannot restore your health.
You are immune to rotting.


Message History

Use which ability? (? or * to list)
Okay, then.
Use which ability? (? or * to list)
Your two-headed ogre goes berserk!
You feel somewhat more hungry.
Unknown command.
The sixfirhy hits your two-headed ogre.
The sixfirhy shocks your two-headed ogre!
The sixfirhy hits your two-headed ogre!
The sixfirhy shocks your two-headed ogre!
The sixfirhy hits your two-headed ogre!
The sixfirhy shocks your two-headed ogre!
Your two-headed ogre dies!
Your two-headed ogre's corpse disappears in a puff of smoke!
Things that are here:
a short sword; a chain mail Use which ability? (? or * to list)
Your ogre goes berserk!
You feel somewhat more hungry. The sixfirhy hits you.
You die...

# ...
##...###(..##....###. # .
..#.....#....#.##.## # #
.........)...##...## #
...........##...## ##
#.........##.#.#.# .####
####...#####.#..#.# ...(##
#####+##.....#.###.#
..3))#
#.....)..######.#.#.#
###..#
#..##4@.....####.###.#
.##..##
#..####.O...#...... #
..#...#####4'####.....#...
..
.#...3.........##P....#...
...
..#......).))..##.....#...
.
.###)###.#.##..##.....#..
.##(#.###.###..##...###..
...............##.#.#
...............####.#


You could see a sixfirhy and a friendly ogre (berserk).

Vanquished Creatures
  An orc warlord (Orc:4)
  An orc high priest (Orc:4)
  A deep elf knight (Elf:1)
  2 deep elf summoners (Elf:1)
  2 orc knights (Orc:4)
  3 orc sorcerers (Orc:4)
  2 deep elf fighters (Elf:1)
  3 deep elf magi
  A steam dragon (D:8)
  Edmund (D:6)
  18 orc warriors
  A sky beast (D:8)
  3 centaurs
  7 ogres
  An orc skeleton (Orc:4)
  Sigmund (D:5)
  A big kobold (D:5)
  3 giant frogs
  A scorpion (D:8)
  A crimson imp (D:5)
  3 hounds
  A jelly (D:8)
  A gnoll shaman (D:4)
  2 centaur skeletons
  2 centaur zombies
  15 orc priests
  A worker ant (D:4)
  An iguana (D:9)
  27 orc wizards
  Ijyb (D:3)
  2 hound skeletons
  A worker ant zombie (D:5)
  6 gnolls
  4 adders
  A shadow imp (D:5)
  3 worms (D:3)
  139 orcs
  A ball python (D:2)
  14 goblins
  8 hobgoblins
  2 jackals (D:5)
  3 quokkas
  7 bats
  4 giant cockroaches
  9 kobolds
  2 orc zombies (Orc:4)
  4 rats
318 creatures vanquished.

Vanquished Creatures (collateral kills)
  A deep elf knight (Elf:1)
  2 orc knights (Orc:4)
  A deep elf conjurer (Elf:1)
  A deep elf priest (Elf:1)
  A deep elf fighter (Elf:1)
  4 orc warriors (Orc:4)
  3 orcs (Orc:4)
13 creatures vanquished.

Vanquished Creatures (others)
  A two-headed ogre (Elf:1)
1 creature vanquished.

Grand Total: 332 creatures vanquished

Notes
Turn   | Place    | Note
--------------------------------------------------------------
     0 | D:1      | THEYGOTMYIPSWATINC, the Vine Stalker Berserker, began the quest for the Orb.
     0 | D:1      | Reached XP level 1. HP: 11/11 MP: 1/1
    62 | D:1      | Reached skill level 3 in Axes
   136 | D:2      | Reached XP level 2. HP: 16/16 MP: 3/3
   304 | D:4      | Acquired Trog's second power
   344 | D:4      | Found a staircase to the Ecumenical Temple.
   351 | Temple   | Entered the Ecumenical Temple
   549 | D:4      | Reached XP level 3. HP: 19/19 MP: 4/4
   596 | D:4      | Reached skill level 4 in Axes
   637 | D:4      | Reached XP level 4. HP: 23/23 MP: 5/5
   658 | D:4      | Noticed an ogre
   669 | D:4      | Killed an ogre
   669 | D:4      | Reached skill level 5 in Axes
   669 | D:4      | Reached XP level 5. HP: 20/27 MP: 7/7
   828 | D:3      | Noticed Ijyb
   842 | D:3      | Killed Ijyb
   850 | D:3      | Gained mutation: You heal very quickly. [vine stalker growth]
   850 | D:3      | Reached XP level 6. HP: 24/32 MP: 6/8
   866 | D:3      | Found a stormy altar of Qazlal.
  1061 | D:3      | Reached skill level 6 in Axes
  1136 | D:3      | Found a deep blue altar of Sif Muna.
  1331 | D:4      | Reached skill level 7 in Axes
  1331 | D:4      | Reached XP level 7. HP: 25/35 MP: 9/9
  1360 | D:5      | Entered Level 5 of the Dungeon
  1451 | D:5      | Noticed Sigmund
  1457 | D:5      | HP: 2/52 [Sigmund/scythe (10)]
  1459 | D:5      | Killed Sigmund
  1462 | D:5      | HP: 1/52 [centaur (2)]
  1463 | D:5      | Reached skill level 8 in Axes
  1762 | D:5      | Gained mutation: You have razor-sharp teeth. [vine stalker growth]
  1762 | D:5      | Reached XP level 8. HP: 31/39 MP: 11/11
  1827 | D:6      | Acquired Trog's third power
  1849 | D:6      | Found Zin's Purification Station.
  1850 | D:6      | Found a glowing silver altar of Zin.
  2041 | D:6      | Noticed Edmund
  2093 | D:6      | Killed Edmund
  2093 | D:6      | Reached skill level 9 in Axes
  2274 | D:8      | Found an opulent altar of Gozag.
  2275 | D:8      | Found a glowing golden altar of the Shining One.
  2508 | D:8      | Reached skill level 10 in Axes
  2516 | D:8      | Reached XP level 9. HP: 43/43 MP: 12/12
  2610 | D:10     | Entered Level 10 of the Dungeon
  2681 | D:10     | Found an opulent altar of Gozag.
  2693 | D:10     | Found a staircase to the Orcish Mines.
  2707 | Orc:1    | Entered Level 1 of the Orcish Mines
  2792 | Orc:1    | Reached skill level 11 in Axes
  3165 | Orc:3    | Found a staircase to the Elven Halls.
  3221 | Orc:4    | Entered Level 4 of the Orcish Mines
  3221 | Orc:4    | Noticed an orc knight
  3374 | Orc:3    | Reached skill level 12 in Axes
  3732 | Orc:2    | Found Sicvius' Antique Weapon Shoppe.
  3920 | Orc:3    | Reached XP level 10. HP: 44/47 MP: 11/13
  3947 | Orc:2    | Received a gift from Trog
  3959 | Orc:2    | Got a crude greatsling {god gift}
  4043 | Orc:4    | Killed an orc knight
  4043 | Orc:4    | Reached skill level 13 in Axes
  4099 | Orc:4    | Noticed an orc high priest
  4109 | Orc:4    | Noticed a sixfirhy
  4109 | Orc:4    | Noticed a sun demon
  4115 | Orc:4    | Killed an orc high priest
  4181 | Orc:4    | Noticed an orc sorcerer
  4210 | Orc:4    | Killed an orc sorcerer
  4245 | Orc:4    | Noticed an orc knight
  4291 | Orc:4    | Noticed an orc sorcerer
  4313 | Orc:3    | Reached skill level 14 in Axes
  4367 | Orc:4    | Killed an orc sorcerer
  4406 | Orc:4    | Noticed an orc sorcerer
  4417 | Orc:4    | Killed an orc sorcerer
  4417 | Orc:4    | Reached XP level 11. HP: 51/51 MP: 12/15
  4421 | Orc:4    | Noticed an orc warlord
  4422 | Orc:4    | Noticed an orc knight
  4429 | Orc:4    | Noticed an orc knight
  4601 | Orc:4    | Killed an orc knight
  4613 | Orc:4    | Killed an orc knight
  4648 | Orc:4    | Received a gift from Trog
  4652 | Orc:4    | Found a roughly hewn altar of Beogh.
  4666 | Orc:4    | Killed an orc warlord
  4666 | Orc:4    | Reached skill level 15 in Axes
  4672 | Orc:4    | Killed an orc knight
  4714 | Orc:4    | Found Ifojagh's Antique Weapon Emporium.
  4744 | Orc:4    | Found Grariali's Antique Armour Emporium.
  4772 | Orc:4    | Found Ceumoan's General Store.
  4796 | Orc:4    | Found Osmarir's Book Emporium.
  4815 | Orc:4    | Bought an embroidered hat for 96 gold pieces
  4892 | Orc:4    | Received a gift from Trog
  5093 | Orc:4    | Found a burning altar of Makhleb.
  5185 | Elf:1    | Entered Level 1 of the Elven Halls
  5408 | Elf:1    | Noticed a deep elf knight
  5419 | Elf:1    | Killed a deep elf knight
  5429 | Elf:1    | Noticed a deep elf conjurer
  5433 | Elf:1    | Killed a deep elf conjurer
  5459 | Elf:1    | Noticed a deep elf knight
  5469 | Elf:1    | Noticed a deep elf summoner
  5480 | Elf:1    | Killed a deep elf knight
  5485 | Elf:1    | Killed a deep elf summoner
  5507 | Elf:1    | Noticed a deep elf summoner
  5524 | Elf:1    | Killed a deep elf summoner
  5576 | Elf:1    | Noticed a deep elf high priest
  5577 | Elf:1    | Noticed a soul eater
  5595 | Elf:1    | HP: 1/54 [sixfirhy[a deep elf high priest] (5)]
  5599 | Elf:1    | Slain by a sixfirhy

Action                   |  1- 3 |  4- 6 |  7- 9 | 10-12 || total
-------------------------+-------+-------+-------+-------++-------
Melee: Hand axe          |    70 |   122 |   410 |    31 ||   633
       War axe           |       |       |    34 |   118 ||   152
       Battleaxe         |       |       |       |   114 ||   114
Invok: Berserk           |     1 |     3 |     7 |     4 ||    15
       Trog's Hand       |       |     1 |     2 |     8 ||    11
       Brothers in Arms  |       |       |       |     6 ||     6
  Use: Scroll            |       |       |     2 |     1 ||     3
       Potion            |       |       |       |     1 ||     1
  Eat: Chunk             |       |     6 |    10 |    12 ||    28
       Meat ration       |       |       |     1 |       ||     1
       Fruit             |       |       |     1 |       ||     1
